cohdb
Replays
Latest Replays
All Replays
Popular Replays
Top Player Replays
Match Explorer
How It Works
Community
CoH3 Stats
Reddit
Sign in to upload your games and track your stats! →
Sign in with Steam
Match 44283317
Unlisted
Match 44283317
Overview
Messages
Build Orders
End
Pioneer Squad
Construct Infanterie Kompanie
Selects Breakthrough Battlegroup
Selects Breakthrough Battlegroup
Grenadier Squad
Grenadier Squad
Grenadier Squad
Selects Assault Grenadiers
Construct Luftwaffe Kompanie
Selects Rapid Production
221 Scout Car
Medical Bunker
Jäger Squad
GrW 34 Mortar Team
Support Elements
Wirbelwind Flakpanzer
MG 42 Machine Gun Team
Selects Breakthrough
Construct Panzer Kompanie
Selects Incendiary Bombing Run
Selects Blitzkrieg
咚咚锵个腿
CarbonEight
0
0
Comments
sign in to comment!
No comments posted yet!